 Dungeon Crawl Stone Soup version 0.25-a0-578-gc91f01c39c (webtiles) character file.

Game seed: 4109675837458961335, levelgen mode: deterministic

27974 Hateth the Geomancer (level 13, -1/79 HPs)
             Began as a Gargoyle Earth Elementalist on Mar 4, 2020.
             Was a High Priest of Vehumet.
             Slain by a frost giant
             ... wielding a +2 battleaxe of freezing
              (29 damage)
             ... on level 13 of the Dungeon.
             The game lasted 00:49:58 (15151 turns).

Hateth the Geomancer (Gargoyle Earth Elementalist) Turns: 15151, Time: 00:49:59

Health: -1/79      AC: 17    Str: 13    XL:     13   Next: 35%
Magic:  8/25       EV: 15    Int: 27    God:    Vehumet [*****.]
Gold:   625        SH:  0    Dex: 12    Spells: 17/29 levels left

rFire    + . .     SeeInvis .   K - +6 great mace (holy)
rCold    + . .     Gourm    .   (shield currently unavailable)
rNeg     + + .     Faith    .   q - +2 robe {MR+}
rPois    ∞         Spirit   .   G - +0 helmet
rElec    +         Reflect  .   (no cloak)
rCorr    +         Harm     .   v - +0 pair of gloves
MR       +....                  g - +0 pair of boots
Stlth    ++........             B - amulet of the acrobat
HPRegen  0.23/turn              h - ring of positive energy
MPRegen  0.19/turn              I - +5 ring of intelligence

@: resistant, very slightly contaminated
A: agile 1, blink, clever 1, negative energy resistance 1, electricity
resistance, unbreathing, petrification resistance, rot immunity, AC +9
a: Blink, Renounce Religion


You were on level 13 of the Dungeon.
You worshipped Vehumet.
Vehumet was extremely pleased with you.
You were not hungry.

You visited 2 branches of the dungeon, and saw 15 of its levels.
You also visited: Sewer.

You collected 871 gold pieces.
You spent 246 gold pieces at shops.

Inventory:

Hand Weapons
 e - the +9 staff of Wucad Mu {channel}
   (You took it off a centaur on level 7 of the Dungeon)
 l - a +2 dagger of venom
 r - a +0 short sword of electrocution
 x - a +2 morningstar of holy wrath
 D - a +0 vorpal flail
 K - a +6 great mace of holy wrath (weapon)
Missiles
 b - 72 stones (quivered)
Armour
 g - a +0 pair of boots (worn)
 q - a +2 robe of magic resistance (worn)
 v - a +0 pair of gloves (worn)
 F - a +3 troll leather armour {Snorg}
 G - a +0 helmet (worn)
Magical Staves
 z - an uncursed staff of fire
Jewellery
 h - a ring of positive energy (left hand)
 i - an uncursed ring of fire
 A - an uncursed ring of fire
 B - an amulet of the acrobat (around neck)
 I - a +5 ring of intelligence (right hand)
Wands
 y - a wand of enslavement (16)
 H - a wand of digging (6)
 L - a wand of flame (11)
 O - a wand of acid (8)
Scrolls
 c - a scroll of fear
 m - 5 scrolls of remove curse
 t - 6 scrolls of teleportation
 u - 4 scrolls of identify
 E - 6 scrolls of amnesia
 J - a scroll of fog
Potions
 f - a potion of heal wounds
 k - 2 potions of cancellation
 n - 3 potions of brilliance
 o - 3 potions of lignification
 p - 5 potions of curing
 s - 2 potions of flight
 M - 2 potions of stabbing
Miscellaneous
 w - a phial of floods
Comestibles
 d - 24 rations
 C - 9 chunks of flesh


   Skills:
 + Level 8.4 Fighting
 + Level 7.8 Maces & Flails
 - Level 6.0 Armour
 + Level 6.7 Dodging
 - Level 2.1 Stealth
 + Level 8.8 Spellcasting
 + Level 10.0 Conjurations
   Level 0.7 Transmutations
 + Level 11.5 Earth Magic
 + Level 5.5 Evocations


You had 17 spell levels left.
You knew the following spells:

 Your Spells              Type           Power        Failure   Level  Hunger
a - Sandblast             Erth           ######       1%          1    None
b - Stone Arrow           Conj/Erth      ######       1%          3    None
c - Lee's Rapid Deconstr  Erth           ######....   1%          5    ####...
d - Dazzling Flash        Conj/Hex       #####.       1%          3    None

Your spell library contained the following spells:

 Spells                   Type           Power        Failure   Level  Hunger
 Iskenderun's Battlesphe  Conj/Chrm      #####...     4%          5    ####...
 Passwall                 Tmut/Erth      #####...     1%          2    None
 Beastly Appendage        Tmut           ###...       3%          1    None
 Petrify                  Tmut/Erth      #####...     3%          4    #......
 Animate Skeleton         Necr           N/A          4%          1    None
 Apportation              Tloc           ##....       4%          1    None
 Corona                   Hex            ##.....      4%          1    None
 Summon Butterflies       Summ           ##......     4%          1    None
 Summon Small Mammal      Summ           ##..         4%          1    None
 Sticks to Snakes         Tmut           ###.....     5%          2    None
 Ensorcelled Hibernation  Hex/Ice        ##....       8%          2    None
 Spider Form              Tmut/Pois      ##........   13%         3    None
 Call Canine Familiar     Summ           ##......     14%         3    None
 Confusing Touch          Hex            ##......     14%         3    None
 Tukima's Dance           Hex            ##......     14%         3    None
 Ice Form                 Ice/Tmut       ##......     38%         4    #......
 Summon Ice Beast         Ice/Summ       ##......     43%         4    #......
 Blade Hands              Tmut           ###.......   69%         5    ####...
 Summon Mana Viper        Hex/Summ       ##......     80%         5    ####...
 Summon Hydra             Summ           ##........   100%        7    #######


Dungeon Overview and Level Annotations

Branches:
Dungeon (14/15)            Temple (1/1) D:4            Lair (0/6) D:8
    Orc (0/2) D:10          Sewer (visited)
 Vaults: D:13-14

Altars:
Ashenzari
Cheibriados
Elyvilon
Fedhas
Gozag
Hepliaklqana
Kikubaaqudgha
Makhleb
Nemelex Xobeh
Okawaru
Ru
Sif Muna
Trog
Uskayaw
Vehumet
Wu Jian
Xom
Zin
The Shining One

Shops:
D:2 *   D:4 [   D:8 (*

Portals:
Trove: D:13 (give leather armour "Naurohecs")

Annotations:
D:4 3 runed translucent doors, Varamon101's ghost, weakling OgBe
D:8 3 runed translucent doors, loom's ghost, novice GnSk


Innate Abilities, Weirdness & Mutations

You are resistant to torment.
Your stone body is resilient. (AC +9)
You are immune to poison.
You resist negative energy. (rN+)
You are resistant to electric shocks. (rElec)
You can survive without breathing.
You are immune to petrification.
You are immune to rotting.
You are agile. (Dex +2)
You can translocate small distances at will.
Your mind is acute. (Int +2)


Message History

Press: ? - help, Shift-Dir - straight line, f/p - frost giant
Aim: a frost giant, wielding a +2 battleaxe of freezing (moderately wounded)
The blast of sand hits the frost giant.
The frost giant is moderately wounded.
b - 73 stones
Casting: Sandblast (safe; 1% risk of failure)
Confirm with . or Enter, or press ? or * to list all spells.
Aiming: Sandblast (safe; 1% risk of failure)
Press: ? - help, Shift-Dir - straight line, f/p - frost giant
Aim: a frost giant, wielding a +2 battleaxe of freezing (moderately wounded)
The blast of sand hits the frost giant!
The frost giant is heavily wounded.
b - 72 stones The frost giant hits you with a +2 battleaxe of freezing!!
* * * LOW HITPOINT WARNING * * *
The frost giant freezes you.
* * * LOW HITPOINT WARNING * * *
You feel much better.
The frost giant hits you with a +2 battleaxe of freezing!!
You die...

########## ##........##
##.########.###
##.##......##..##
##.##.######.###.##
##.##.##....##..##†##
#.##.##.####.###.##.##
#.#.##@## ##..##.##.##
#.#.#C## ###.##.#...
#.#.#.# ##.#.####
#.#÷#(# #.#)()(.
#)#.#÷## #.#.####
#.#.##.## ##.#.#..#
#.##.##.# ##.##.....
##.##.##....##.###.....
##.##.######.####...).


You could see a frost giant.

Vanquished Creatures
  Rupert (D:13)
  A stone giant (D:13)
  Snorg (D:14)
  The ghost of Jeicagag the Unseen, a journeyman SpEn of Dithmenos (D:12)
  3 hydras
  2 centaur warriors
  3 two-headed ogres
  A skeletal warrior (D:13)
  An unseen horror (D:12)
  5 ugly things
  A manticore (D:11)
  A cyclops (D:11)
  A centaur zombie (D:14)
  An efreet (D:13)
  3 trolls
  Grinder (Sewer)
  A slime creature (D:13)
  4 hippogriffs
  2 shadows
  A tarantella (shapeshifter) (D:13)
  5 wraiths
  2 vampires
  A yak (D:13)
  4 wyverns
  A hungry ghost (D:11)
  A steam dragon (D:12)
  A basilisk (D:13)
  2 soldier ants
  3 water moccasins
  6 orc warriors
  4 sky beasts
  5 ice beasts
  A black bear (D:6)
  6 phantoms
  13 centaurs
  5 ogres
  An eye of draining (D:13)
  A crocodile (D:13)
  A big kobold (Sewer)
  10 bullfrogs
  2 wyvern zombies
  A wyvern skeleton (D:8)
  5 scorpions
  A water moccasin skeleton (D:10)
  10 killer bees
  6 wights
  6 howler monkeys
  An electric eel (D:14)
  5 crimson imps
  9 hounds
  9 orc priests
  13 orc wizards
  3 jellies
  2 centaur skeletons
  A gnoll shaman (D:7)
  15 worker ants
  7 iguanas
  Natasha (thrice) (D:3)
  5 big kobold zombies (Sewer)
  A bullfrog simulacrum (D:13)
  A hound zombie (D:5)
  A hound skeleton (D:9)
  2 worker ant zombies
  12 gnolls
  11 adders
  6 shadow imps
  A white imp (D:8)
  An adder zombie (Sewer)
  2 worms
  2 dart slugs (D:4)
  8 leopard geckos
  67 orcs
  3 ball pythons
  7 giant cockroaches
  9 goblins
  8 hobgoblins
  23 kobolds
  2 quokkas
  6 bats
  4 frilled lizards
  A goblin skeleton (D:8)
  A goblin zombie (D:8)
  A jackal skeleton (D:5)
  3 kobold zombies
  2 orc skeletons (D:8)
  2 orc zombies (D:8)
  15 rats
414 creatures vanquished.

Vanquished Creatures (collateral kills)
  A freezing wraith (D:12)
  A big kobold (D:8)
  A bullfrog (D:8)
  5 kobolds (D:8)
8 creatures vanquished.

Vanquished Creatures (others)
  5 plants
5 creatures vanquished.

Grand Total: 427 creatures vanquished

Notes
Turn   | Place    | Note
-------+----------+-------------------------------------------
     0 | D:1      | Hateth the Gargoyle Earth Elementalist began the quest for
                  | the Orb.
     0 | D:1      | Reached XP level 1. HP: 10/10 MP: 3/3
   285 | D:1      | Reached skill level 4 in Earth Magic
   285 | D:1      | Reached XP level 2. HP: 12/15 MP: 5/5
  1070 | D:2      | Reached XP level 3. HP: 19/19 MP: 5/7
  1075 | D:2      | Learned a level 3 spell: Stone Arrow
  1096 | D:2      | Found an opulent altar of Gozag.
  1098 | D:2      | Found Gozag's Platinum Reserve.
  1293 | D:2      | Found a hazy altar of Hepliaklqana.
  1547 | D:2      | Noticed a sky beast
  1560 | D:2      | Killed a sky beast
  1560 | D:2      | Reached skill level 5 in Earth Magic
  1560 | D:2      | Reached XP level 4. HP: 18/24 MP: 2/9
  1560 | D:2      | Reached XP level 5. HP: 21/28 MP: 2/10
  2332 | D:2      | Learned a level 5 spell: Lee's Rapid Deconstruction
  2515 | D:3      | Reached XP level 6. HP: 32/32 MP: 6/11
  2891 | D:3      | Reached skill level 6 in Earth Magic
  2987 | D:3      | Noticed Natasha
  2997 | D:3      | Killed Natasha
  3182 | D:3      | Noticed Natasha
  3187 | D:3      | Killed Natasha
  3191 | D:3      | Noticed Natasha
  3199 | D:3      | Killed Natasha
  3199 | D:3      | Reached XP level 7. HP: 14/36 MP: 9/13
  3466 | D:3      | Found a glowing silver altar of Zin.
  3753 | D:4      | Found a sacrificial altar of Ru.
  3819 | D:4      | Found Jidd's Armour Shop.
  3836 | D:4      | Found a staircase to the Ecumenical Temple.
  3847 | Temple   | Entered the Ecumenical Temple
  3905 | Temple   | Became a worshipper of Vehumet
  3977 | D:4      | Found a glowing drain.
  3982 | Sewer    | Entered a sewer
  4294 | Sewer    | Found an ancient bone altar of Kikubaaqudgha.
  4304 | Sewer    | Reached * piety under Vehumet
  4304 | Sewer    | Offered knowledge of Freeze by Vehumet.
  4329 | Sewer    | Reached skill level 7 in Earth Magic
  4611 | Sewer    | Reached skill level 5 in Spellcasting
  4621 | Sewer    | Reached XP level 8. HP: 33/42 MP: 6/15
  4723 | Sewer    | Noticed Grinder
  4727 | Sewer    | Paralysed by Grinder for 6 turns
  4735 | Sewer    | Paralysed by Grinder for 2 turns
  4739 | Sewer    | Killed Grinder
  4739 | Sewer    | Reached skill level 1 in Fighting
  4739 | Sewer    | Reached skill level 1 in Maces & Flails
  4739 | Sewer    | Reached skill level 1 in Armour
  4739 | Sewer    | Reached skill level 5 in Conjurations
  4900 | D:4      | You fall into a shaft and drop 1 floor!
  4900 | D:5      | Entered Level 5 of the Dungeon
  5132 | D:4      | Found a runed translucent gate.
  5132 | D:4      | Found a runed translucent gate.
  5132 | D:4      | Found a runed translucent gate.
  5260 | D:4      | Noticed Varamon101's ghost (weakling OgBe)
  6078 | D:5      | Reached ** piety under Vehumet
  6078 | D:5      | Offered knowledge of Magic Dart by Vehumet.
  6192 | D:6      | Reached XP level 9. HP: 47/49 MP: 11/17
  6373 | D:6      | Reached skill level 8 in Earth Magic
  6491 | D:6      | Offered knowledge of Searing Ray by Vehumet.
  6727 | D:7      | Reached *** piety under Vehumet
  7037 | D:7      | Offered knowledge of Fulminant Prism by Vehumet.
  7037 | D:7      | Reached XP level 10. HP: 24/57 MP: 13/19
  8353 | D:8      | Reached skill level 9 in Earth Magic
  8397 | D:8      | Reached **** piety under Vehumet
  8420 | D:8      | Gained mutation: Your mind is acute. (Int +2) [potion of
                  | mutation]
  8420 | D:8      | Gained mutation: You are agile. (Dex +2) [potion of
                  | mutation]
  8420 | D:8      | Gained mutation: You can translocate small distances at
                  | will. [potion of mutation]
  8479 | D:8      | Found Logep Tuca's Assorted Antiques.
  8494 | D:8      | Reached skill level 5 in Fighting
  8494 | D:8      | Reached skill level 5 in Armour
  8501 | D:8      | Bought a scroll labeled IHEFIT VILUN for 31 gold pieces
  8501 | D:8      | Bought a scroll labeled FERIFA DEON for 31 gold pieces
  8509 | D:8      | Found a hide-covered altar of Uskayaw.
  8545 | D:8      | Found a runed translucent gate.
  8545 | D:8      | Found a runed translucent gate.
  8568 | D:8      | Noticed an 11-headed hydra
  8568 | D:8      | Noticed a nine-headed hydra
  8569 | D:8      | Found a runed translucent gate.
  8569 | D:8      | Noticed loom's ghost (novice GnSk)
  8853 | D:8      | Offered knowledge of Olgreb's Toxic Radiance by Vehumet.
  8897 | D:8      | Found a glowing golden altar of the Shining One.
  9142 | D:8      | Found Roowiona's Weapon Shop.
  9156 | D:8      | Bought a +1 morningstar of holy wrath for 184 gold pieces
  9202 | D:8      | Found a staircase to the Lair.
  9990 | D:9      | Found a blossoming altar of Fedhas.
 10083 | D:10     | Entered Level 10 of the Dungeon
 10151 | D:10     | Reached ***** piety under Vehumet
 10154 | D:10     | Offered knowledge of Spellforged Servitor by Vehumet.
 10279 | D:10     | You fall into a shaft and drop 1 floor!
 10280 | D:11     | Noticed a purple ugly thing
 10285 | D:11     | Killed a purple ugly thing
 10285 | D:11     | Reached skill level 5 in Maces & Flails
 10285 | D:11     | Reached skill level 1 in Evocations
 10297 | D:11     | You fall into a shaft and drop 3 floors!
 10304 | D:14     | Reached XP level 11. HP: 54/64 MP: 12/21
 10433 | D:14     | Noticed Snorg
 10439 | D:14     | Killed Snorg
 10483 | D:14     | Found a glowing silver altar of Zin.
 10568 | D:14     | Noticed a vault guard
 10568 | D:14     | Noticed a vault guard
 10568 | D:14     | Noticed a vault guard
 10568 | D:14     | Noticed a vault guard
 10613 | D:13     | Noticed Rupert
 10631 | D:13     | Noticed a two-headed ogre
 10646 | D:13     | Noticed a skeletal warrior
 10646 | D:13     | Noticed a skeletal warrior
 10646 | D:13     | Noticed a skeletal warrior
 11119 | D:10     | Found a staircase to the Orcish Mines.
 11467 | D:11     | Noticed a brown ugly thing
 11472 | D:11     | Killed a brown ugly thing
 11472 | D:11     | Reached skill level 5 in Dodging
 11526 | D:11     | Noticed a cyclops
 11540 | D:11     | Killed a cyclops
 11540 | D:11     | Reached skill level 10 in Earth Magic
 11590 | D:11     | Noticed a centaur warrior
 11590 | D:11     | Noticed a manticore
 11599 | D:11     | Killed a centaur warrior
 11599 | D:11     | Killed a manticore
 12018 | D:11     | Found a shimmering altar of Xom.
 12241 | D:12     | Offered knowledge of Iskenderun's Battlesphere by Vehumet.
 12417 | D:12     | Identified the +1 robe "Puihua" {rPois Str+2} (You found it
                  | on level 12 of the Dungeon)
 12467 | D:12     | Noticed a cyan ugly thing
 12473 | D:12     | Killed a cyan ugly thing
 12634 | D:12     | Reached XP level 12. HP: 61/71 MP: 13/23
 12877 | D:12     | Noticed a four-headed hydra
 12891 | D:12     | Killed a four-headed hydra
 12893 | D:12     | Noticed a two-headed ogre
 12895 | D:12     | Killed a two-headed ogre
 13010 | D:12     | Found a runed translucent gate.
 13011 | D:12     | Found a runed translucent gate.
 13011 | D:12     | Found a runed translucent gate.
 13013 | D:12     | Noticed Jeicagag's ghost (journeyman SpEn)
 13274 | D:12     | Killed Jeicagag's ghost
 13430 | D:13     | Killed Rupert
 13467 | D:13     | Killed a two-headed ogre
 13467 | D:13     | Reached skill level 11 in Earth Magic
 13564 | D:13     | Found a portal to a secret trove of treasure.
 13635 | D:13     | Noticed a five-headed hydra
 13642 | D:13     | Killed a five-headed hydra
 14407 | D:13     | Reached XP level 13. HP: 69/78 MP: 25/25
 14412 | D:13     | Learned a level 3 spell: Dazzling Flash
 14478 | D:13     | Reached skill level 5 in Evocations
 15066 | D:13     | Noticed a stone giant
 15089 | D:13     | Killed a stone giant
 15089 | D:13     | Reached skill level 10 in Conjurations
 15142 | D:13     | Noticed a frost giant
 15151 | D:13     | Slain by a frost giant

Levels and vault maps discovered:
D:1:      dpeg_arrival_rooms_b, layout_loops_ring,
          chequers_serial_rivers_micro_c
D:2:      layout_basic, lemuel_doored_altar, nicolae_gozag_zags_fifth_avenue
D:3:      layout_rooms, zin_scriptorium, first_ration, uniq_natasha
D:4:      layout_cave_pools, nicolae_ru_awakened_eye,
          minmay_temple_entry_antechambers, serial_shops,
          nicolae_shop_behind_doors, portal_sewer_entry_e,
          gammafunk_ghost_necromancy
D:5:      layout_basic
D:6:      layout_rooms
D:7:      wander_river, layout_loops_ring
D:8:      layout_basic, nicolae_tso_besieged_by_evil,
          eat_drink_and_be_merry_uskayaw, lair_entry_dummy,
          gammafunk_ghost_hydra_chop, serial_shops, shop, nicolae_shop_trees,
          special_room [special_room_orc]
D:9:      layout_roguey, fedhas_altar_4
D:10:     layout_irregular_city, hiddenorc1_lemuel
D:11:     layout_roguey, basic_altar
D:12:     layout_loops_corners, gammafunk_ghost_spectres
D:13:     kennysheep_snake, layout_stronghold, nicolae_trove_entry_crystal,
          uniq_rupert
D:14:     layout_rooms, erik_vaults_2, serial_bayou_lagoon_a, basic_altar,
          minmay_increasing_density, uniq_snorg
Temple:   nicolae_temple_elliptical

Skill      XL: |  1  2  3  4  5  6  7  8  9 10 11 12 13 |
---------------+----------------------------------------+-----
Earth Magic    | 4 5 6 7 8 9 10 11 | 11.5
Spellcasting   | 3 4 5 6 7 8 |  8.8
Conjurations   | 2 3 4 5 6 7 8 9 10 | 10.0
Fighting       | 2 4 5 6 8 |  8.4
Maces & Flails | 2 3 5 6 7 |  7.8
Armour         | 2 4 5 6 |  6.0
Dodging        | 2 3 4 5 6 |  6.7
Evocations     | 1 3 4 5 |  5.5
Stealth        | |  2.1
Transmutations | |  0.7

Action                   |  1- 3 |  4- 6 |  7- 9 | 10-12 | 13-15 || total
-------------------------+-------+-------+-------+-------+-------++-------
Melee: Unarmed           |    12 |       |       |       |       ||    12
       Club              |    74 |    66 |       |       |       ||   140
       Dagger            |       |    38 |   320 |   345 |       ||   703
       Staff             |       |       |       |    17 |       ||    17
       Great mace        |       |       |       |    37 |    32 ||    69
 Cast: Sandblast         |    23 |    24 |   139 |   173 |    53 ||   412
       Stone Arrow       |       |     3 |     1 |     9 |     8 ||    21
       Lee's Rapid Decon |       |       |     8 |    55 |     2 ||    65
Evoke: Wand              |       |       |       |     4 |       ||     4
       Phial of floods   |       |       |       |     1 |       ||     1
       Sack of spiders   |       |       |       |     1 |       ||     1
  Use: Scroll            |       |     5 |     6 |    18 |       ||    29
       Potion            |       |       |     4 |     7 |     4 ||    15
 Stab: Sleeping          |     4 |     3 |     3 |     7 |     1 ||    18
       Distracted        |       |       |       |     1 |       ||     1
  Eat: Chunk             |     2 |     6 |    16 |    28 |     3 ||    55
       Ration            |       |       |       |     2 |       ||     2
Armor: Robe              |    45 |    60 |   178 |   179 |    20 ||   482
Dodge: Dodged            |    81 |    96 |   269 |   366 |    47 ||   859

Table legend:
 A = Non-vault XP
 B = Vault XP
 C = Vault XP percentage of total XP
 D = Non-vault monster count
 E = Vault monster count
 F = Vault count percentage of total count
                 A         B        C        D         E       F
            +---------+---------+-------+---------+---------+-------
      Total |   23180 |   16783 |  42.0 |     298 |     124 |  29.4
            +---------+---------+-------+---------+---------+-------
        D:1 |      31 |       0 |   0.0 |      19 |       0 |   0.0
        D:2 |     235 |       0 |   0.0 |      19 |       0 |   0.0
        D:3 |     320 |      33 |   9.3 |      24 |       1 |   4.0
        D:4 |     376 |       9 |   2.3 |      21 |       7 |  25.0
        D:5 |     329 |       0 |   0.0 |      12 |       0 |   0.0
        D:6 |    1766 |       0 |   0.0 |      33 |       0 |   0.0
        D:7 |    2003 |       0 |   0.0 |      39 |       0 |   0.0
        D:8 |    1424 |     376 |  20.9 |      29 |      29 |  50.0
        D:9 |     535 |       0 |   0.0 |       9 |       0 |   0.0
       D:10 |    1293 |     178 |  12.1 |      24 |      17 |  41.5
       D:11 |    4727 |       0 |   0.0 |      24 |       0 |   0.0
       D:12 |    4748 |    2264 |  32.3 |      20 |       6 |  23.1
       D:13 |    4087 |   12024 |  74.6 |      16 |      29 |  64.4
       D:14 |    1306 |    1162 |  47.1 |       9 |       1 |  10.0
      Sewer |       0 |     737 | 100.0 |       0 |      34 | 100.0
            +---------+---------+-------+---------+---------+-------
